 Dungeon Crawl Stone Soup version 0.18-a0-960-g77c8fc5 (webtiles) character file.

7297 M4edhros the Covert (level 11, -12/63 HPs)
             Began as an Octopode Artificer on Dec 31, 2015.
             Was an Elder of Fedhas.
             Killed from afar by a gargoyle (22 damage)
             ... with a stone arrow
             ... on level 10 of the Dungeon.
             The game lasted 00:19:35 (10395 turns).

M4edhros the Covert (Octopode Artificer)           Turns: 10395, Time: 00:19:36

Health: -12/63     AC:  1    Str: 11    XL:     11   Next: 13%
Magic:  16/16      EV: 16    Int: 17    God:    Fedhas [****..]
Gold:   485        SH:  0    Dex: 13    Spells: 0 memorised, 10 levels left

rFire  + . .     SeeInvis +     G - +2 hunting sling (flame)
rCold  . . .     Gourm    .     (no shield)
rNeg   . . .     Faith    .     (helmet restricted)
rPois  .         Spirit   .     A - amulet of rage
rElec  .         Dismiss  .     m - ring of protection from fire
rCorr  .         Reflect  .     I - ring of see invisible
SustAt .         Harm     .     (no ring)
MR     .....                    (no ring)
Stlth  +++++++...               (no ring)
                                (no ring)
                                (no ring)
                                (no ring)

@: about to teleport, not resistant to hostile enchantments, extremely stealthy
A: almost no armour, amphibious, 8 rings, constrict 8, camouflage 1, gelatinous
body 1, MP-powered wands
a: Evolution, Sunlight, Growth, Reproduction, Renounce Religion, Evoke Berserk
Rage


You were on level 10 of the Dungeon.
You worshipped Fedhas.
Fedhas was greatly pleased with you.
You were not hungry.

You visited 1 branch of the dungeon, and saw 10 of its levels.
You also visited: Sewer.

You collected 485 gold pieces.

Inventory:

Hand Weapons
 q - a +2 dagger of electrocution
 r - a +2 dagger of venom
 v - a +0 blowgun
 F - a +0 greatsling
 G - a +2 hunting sling of flaming (weapon)
Missiles
 j - 16 sling bullets
 k - 163 stones (quivered)
 w - 22 poisoned needles
Jewellery
 m - a ring of protection from fire (left tentacle)
 A - an amulet of rage (around mantle)
 I - a ring of see invisible (right tentacle)
Wands
 b - a wand of flame (7/48)
 c - a wand of enslavement (13/24)
 d - a wand of random effects (10/48)
 i - a wand of confusion (30/48)
 o - a wand of fireball (5/15)
 u - a wand of polymorph (12/24)
 x - a wand of frost (1/48)
 z - a wand of lightning (4/15)
 N - a wand of lightning (8/15)
Scrolls
 a - 2 scrolls of magic mapping
 g - 6 scrolls of teleportation
 h - 2 scrolls of enchant armour
 p - 3 scrolls of fear
 y - 2 scrolls of identify
Potions
 e - a potion of mutation {unknown}
 l - 2 potions of cure mutation {unknown}
 s - 5 potions of curing
 B - a potion of haste {unknown}
 C - 3 potions of might
 D - 2 potions of heal wounds {unknown}
 E - 4 potions of magic
 H - a potion of flight
 J - a potion of ambrosia {unknown}
 L - 2 potions of degeneration {unknown}
 M - 2 potions of lignification {unknown}
Books
 n - a book of the Sky

   Spells                             Type                      Level
   a - Summon Lightning Spire         Summoning/Air                4
   b - Airstrike                      Air                          4
   c - Silence                        Hexes/Air                    5
   d - Deflect Missiles               Charms/Air                   6
   e - Conjure Ball Lightning         Conjuration/Air              6
   f - Tornado                        Air                          9
Comestibles
 f - 4 bread rations
 t - 4 beef jerkies
 K - 3 fruits


   Skills:
 - Level 1.0 Fighting
 - Level 1.0 Short Blades
 * Level 8.4 Slings
 * Level 8.6 Dodging
 * Level 12.2 Stealth
 + Level 5.5 Invocations
 + Level 7.5 Evocations


You had 10 spell levels left.
You didn't know any spells.

Dungeon Overview and Level Annotations

Branches:
Dungeon (10/15)            Temple (0/1) D:7            Lair (0/8) D:10
    Orc: D:9-12

Altars:
Ashenzari
Dithmenos
Elyvilon
Fedhas
Makhleb
Nemelex Xobeh
Qazlal
Ru
Trog
Vehumet
Xom
Yredelemnul

Shops:
D:7 =


Innate Abilities, Weirdness & Mutations

You cannot wear most types of armour.
You are amphibious.
You can wear up to eight rings at the same time.
You can use your tentacles to constrict eight enemies at once.
Your skin changes colour to match your surroundings (Stealth).
Your rubbery body absorbs attacks (AC +1).
You expend magic power (3 MP) to strengthen your wands.


Message History

A nearby toadstool withers and dies. x2
Your wandering mushroom releases spores at something!
Something hits your wandering mushroom!!
Something bites your wandering mushroom!!
The orc wizard gestures wildly while chanting.
The orc wizard blinks!
Your wandering mushroom completely misses something.
Something hits your wandering mushroom!
Your wandering mushroom is destroyed!
You feel a little guilty.
Read which item? (? for menu, Esc to quit)
As you read the scroll of fear, it crumbles to dust.
You assume a fearsome visage.
The orc wizard looks frightened!
The orc wizard looks frightened!
The gnoll looks frightened!
Your wandering mushroom is unaffected.
The gargoyle is unaffected.
A nearby toadstool withers and dies.
The gargoyle hurls a stone arrow at you.
The stone arrow hits you!
You die...
Fedhas appreciates your contribution to the ecosystem.

............#.####.............##
...................##.#......###
.............................####
#................................
##########...##(####..###########
#...####(.9...## # ...###
#.VĂ·#### # ### ###)# #@f# #gP#
#P(o.(g... ####.(.... .o..((
.(.(( #####


You could see a gargoyle, 2 orc wizards, a gnoll (fleeing) and a friendly
wandering mushroom.

Vanquished Creatures
  A wandering mushroom (D:10)
  An unseen horror (D:10)
  2 hill giants (D:10)
  Psyche (D:8)
  A komodo dragon (D:10)
  Sigmund (D:4)
  A yak (D:10)
  A mottled dragon (D:10)
  3 orc warriors
  A phantom (D:7)
  An ice beast (D:7)
  An ogre (D:4)
  A centaur (D:7)
  6 big kobolds
  2 giant frogs (D:8)
  2 scorpions
  A water moccasin skeleton (D:6)
  6 killer bees (D:10)
  A jelly (D:9)
  4 crimson imps
  9 orc priests
  3 hounds
  A giant frog skeleton (D:8)
  4 centaur skeletons
  An iguana (D:9)
  A worker ant (D:6)
  5 orc wizards
  A hound skeleton (D:10)
  3 gnolls (D:3)
  8 adders
  A river rat (D:4)
  4 shadow imps
  2 oozes
  3 adder skeletons
  5 worms
  5 giant geckos
  49 orcs
  7 bats
  4 giant cockroaches
  7 goblins
  8 hobgoblins
  15 jackals
  18 kobolds
  5 quokkas
  6 ball pythons
  2 giant gecko skeletons
  5 giant newts
  A jackal skeleton (D:6)
  A quokka zombie (D:8)
  11 rats
233 creatures vanquished.

Vanquished Creatures (collateral kills)
  The ghost of bsdbeard the Changer, a novice OpTm of Cheibriados (D:6)
  A centaur skeleton (D:10)
  A troll (D:9)
  2 yaks (D:10)
  Menkaure (D:7)
  A hippogriff (D:8)
  A hungry ghost (D:9)
  Duvessa (D:7)
  A water moccasin (D:10)
  4 orc warriors
  A sky beast (D:9)
  An ice beast (D:6)
  A wasp (D:10)
  A phantom (D:9)
  3 ogres
  2 centaurs
  Dowan (D:7)
  A scorpion (D:10)
  5 wights (D:6)
  3 hounds
  4 orc wizards
  3 orc priests
  2 iguanas
  A worker ant (D:4)
  2 gnolls
  4 adders
  A river rat (D:4)
  An adder skeleton (D:8)
  A worm (D:3)
  A giant gecko (D:6)
  11 orcs
  A giant cockroach (D:4)
  2 kobolds (D:9)
  A rat (D:4)
68 creatures vanquished.

Vanquished Creatures (others)
  12 wandering mushrooms
  A wasp zombie (D:8)
  An orc priest (D:4)
  A killer bee zombie (D:6)
  3 worker ant zombies
  An orc (D:6)
  224 toadstools
243 creatures vanquished.

Grand Total: 544 creatures vanquished

Notes
Turn   | Place    | Note
--------------------------------------------------------------
     0 | D:1      | M4edhros the Octopode Artificer began the quest for the Orb.
     0 | D:1      | Reached XP level 1. HP: 13/13 MP: 3/3
    45 | D:1      | Reached XP level 2. HP: 13/18 MP: 4/4
   278 | D:1      | You fall through a shaft!
   437 | D:2      | Reached XP level 3. HP: 16/23 MP: 5/5
   689 | D:2      | Found a blossoming altar of Fedhas.
   712 | D:2      | Became a worshipper of Fedhas Madash
   913 | D:1      | Reached XP level 4. HP: 14/28 MP: 6/6
   917 | D:1      | Reached skill level 1 in Slings
  1704 | D:2      | Found a shimmering altar of Xom.
  1765 | D:2      | Fell from the grace of Fedhas
  1765 | D:2      | Became a worshipper of Xom of Chaos
  1797 | D:2      | Fell from the grace of Xom
  1797 | D:2      | Became a worshipper of Fedhas Madash
  2196 | D:3      | Reached skill level 4 in Stealth
  2210 | D:3      | Found a sacrificial altar of Ru.
  2298 | D:3      | Reached XP level 5. HP: 14/33 MP: 6/8
  2405 | D:3      | XOM: mild Hex miscast
  2453 | D:3      | Reached * piety under Fedhas
  2517 | D:3      | Found a bloodstained altar of Trog.
  2597 | D:3      | Found a radiant altar of Vehumet.
  2598 | D:3      | Found a burning altar of Makhleb.
  2842 | D:4      | Reached skill level 1 in Invocations
  2877 | D:4      | Found a basalt altar of Yredelemnul.
  2905 | D:4      | Reached skill level 5 in Stealth
  2905 | D:4      | Reached XP level 6. HP: 24/38 MP: 9/9
  2946 | D:4      | XOM: give mutations
  2946 | D:4      | Gained mutation: Your muscles are strong. (Str +2) [Xom's mischief]
  2946 | D:4      | Lost mutation: Your muscles are strong. (Str +2) [Xom's mischief]
  2946 | D:4      | Gained mutation: You expend magic power (3 MP) to strengthen your wands. [Xom's mischief]
  3237 | D:4      | Noticed an orc warrior
  3262 | D:4      | Killed an orc warrior
  3262 | D:4      | Reached skill level 6 in Stealth
  3262 | D:4      | Reached XP level 7. HP: 30/43 MP: 7/10
  3289 | D:4      | XOM: polymorph wandering mushroom -> oklob plant
  3374 | D:4      | Reached ** piety under Fedhas
  3381 | D:4      | Found a glowing drain.
  3385 | Sewer    | Entered a sewer
  3506 | Sewer    | XOM: enchant monster (bad)
  3715 | Sewer    | Reached skill level 7 in Stealth
  3715 | Sewer    | Reached skill level 5 in Evocations
  3715 | Sewer    | Reached XP level 8. HP: 35/48 MP: 11/11
  3799 | D:4      | Found a white marble altar of Elyvilon.
  3984 | D:4      | Noticed Sigmund
  3997 | D:4      | Killed Sigmund
  4082 | D:5      | Entered Level 5 of the Dungeon
  4565 | D:5      | Found a shadowy altar of Dithmenos.
  4709 | D:5      | Reached skill level 5 in Dodging
  4710 | D:5      | Reached *** piety under Fedhas
  4735 | D:6      | Found a sparkling altar of Nemelex Xobeh.
  4890 | D:6      | XOM: noise
  5067 | D:6      | Noticed bsdbeard's ghost (novice OpTm)
  5081 | D:6      | Killed bsdbeard's ghost
  5081 | D:6      | Reached skill level 5 in Slings
  5081 | D:6      | Reached skill level 8 in Stealth
  5141 | D:6      | XOM: noise
  5462 | D:6      | Reached XP level 9. HP: 34/53 MP: 13/13
  5938 | D:6      | XOM: noise
  6160 | D:6      | XOM: noise
  6164 | D:6      | Reached skill level 9 in Stealth
  6599 | D:7      | XOM: medium Fire miscast
  6680 | D:7      | Noticed Duvessa
  6689 | D:7      | Killed Duvessa
  6691 | D:7      | Noticed Dowan
  6693 | D:7      | Killed Dowan
  6813 | D:7      | Noticed Menkaure
  6825 | D:7      | Killed Menkaure
  6894 | D:7      | Found Qyizohe's Jewellery Emporium.
  7070 | D:7      | Found a staircase to the Ecumenical Temple.
  7387 | D:7      | XOM: mild Pois miscast
  7551 | D:7      | Reached skill level 10 in Stealth
  7643 | D:7      | XOM: medium Hex miscast
  7881 | D:8      | Found a shattered altar of Ashenzari.
  8071 | D:8      | Reached **** piety under Fedhas
  8207 | D:8      | Noticed Psyche
  8218 | D:8      | Killed Psyche
  8218 | D:8      | Reached XP level 10. HP: 58/58 MP: 14/14
  8657 | D:9      | XOM: mild Summ miscast
  8915 | D:9      | Found a stormy altar of Qazlal.
  9166 | D:9      | Reached ***** piety under Fedhas
  9268 | D:9      | XOM: mild Necr miscast
  9377 | D:9      | Found a bloodstained altar of Trog.
  9591 | D:9      | XOM: noise
  9633 | D:9      | XOM: noise
  9680 | D:10     | Entered Level 10 of the Dungeon
  9713 | D:10     | Noticed an unseen horror
  9726 | D:10     | Killed an unseen horror
  9726 | D:10     | Reached skill level 11 in Stealth
  9726 | D:10     | Reached skill level 5 in Invocations
  9862 | D:10     | XOM: medium Summ miscast
  9896 | D:10     | Noticed a hill giant
  9921 | D:10     | Killed a hill giant
  9981 | D:10     | Found a staircase to the Lair.
 10113 | D:10     | Noticed a hill giant
 10122 | D:10     | Reached XP level 11. HP: 59/63 MP: 16/16
 10138 | D:10     | Reached skill level 12 in Stealth
 10185 | D:10     | Killed a hill giant
 10395 | D:10     | Killed from afar by a gargoyle

Vault maps used:
D:1:      saegor_arrival_miasma
D:2:      fedhas_altar_3, lemuel_round_altar, first_bread
D:3:      grunt_temple_overflow_lords_of_destruction, old_standard_altar,
          trog_book
D:4:      kennysheep_ying_yang, gup_sewer_entry_bowl, grunt_ministairs_3,
          minmay_misc_feat_room, uniq_sigmund
D:5:      lemuel_coloured_pillars_altar
D:6:      nemelex_deck
D:7:      minmay_temple_entry_overgrown, serial_shops, shop,
          kennysheep_small_square, uniq_duvessa, uniq_menkaure
D:8:      ashenzari_altar_1, uniq_psyche
D:9:      nicolae_overflow_crystal_walls, grunt_qazlal_clouds
D:10:     david_lair_shrubbed, erik_orc_1
Sewer:    sewer_co_15_rooms

Action                   |  1- 3 |  4- 6 |  7- 9 | 10-12 || total
-------------------------+-------+-------+-------+-------++-------
Melee: Short sword       |    56 |     6 |       |       ||    62
       Dagger            |       |    86 |    55 |       ||   141
 Fire: Blowgun           |       |     4 |       |    40 ||    44
       Hunting sling     |       |       |   382 |   354 ||   736
Throw: Stone             |       |       |       |     1 ||     1
Invok: Evolution         |       |     3 |     5 |     7 ||    15
       Sunlight          |       |       |     3 |     1 ||     4
Evoke: Wand              |     4 |     9 |     7 |       ||    20
  Use: Scroll            |       |       |    17 |     5 ||    22
       Potion            |       |       |     1 |     1 ||     2
 Stab: Sleeping          |     8 |    11 |    12 |     2 ||    33
       Distracted        |     1 |     1 |       |       ||     2
  Eat: Meat ration       |       |     1 |     1 |       ||     2
       Pizza             |       |     1 |       |       ||     1
       Chunk             |       |       |     1 |       ||     1
       Bread ration      |       |       |     2 |     2 ||     4
       Royal jelly       |       |       |       |     1 ||     1
